 Dungeon Crawl Stone Soup version 0.18.1-48-g4cf74bf (webtiles) character file.

100151 Gargoyl the Tortoise (level 15, 0/123 HPs)
             Began as a Demonspawn Abyssal Knight on July 6, 2016.
             Was the Champion of Lugonu.
             Slain by a hell rat (10 damage)
             ... summoned by a deep elf mage
             ... on level 1 of the Elven Halls.
             The game lasted 00:50:01 (23823 turns).

Gargoyl the Tortoise (Demonspawn Abyssal Knight)   Turns: 23823, Time: 00:50:02

Health: 0/123      AC: 34    Str: 21    XL:     15   Next: 79%
Magic:  20/20      EV:  6    Int: 14    God:    Lugonu [******]
Gold:   394        SH: 11    Dex: 15    Spells: 0 memorised, 14 levels left

rFire  + + +     SeeInvis .     r - +9 broad axe (elec)
rCold  . . .     Gourm    .     t - +4 plate armour of the Eternal Void {rF++}
rNeg   . . .     Faith    .     S - +1 shield {reflect}
rPois  +         Spirit   .     (helmet restricted)
rElec  .         Dismiss  .     w - +2 cloak
rCorr  .         Reflect  +     a - +2 pair of gloves
SustAt .         Harm     .     e - +2 pair of boots
MR     ++...                    C - amulet of magic regeneration
Stlth  ..........               T - ring of poison resistance
                                o - +3 ring of strength

@: flying, drained, very resistant to hostile enchantments, extremely unstealthy
A: hooves 2, horns 2, icy blue scales 2, agile 1, blink, fire resistance 1,
magic resistance 1, screaming 2, slow regeneration 1, spiny 3, flame cloud
immunity
a: Blink, Depart the Abyss, Bend Space, Banish, Corrupt, Enter the Abyss, Brand
Weapon With Distortion, Renounce Religion


You were on level 1 of the Elven Halls.
You worshipped Lugonu.
Lugonu was exalted by your worship.
You were hungry.

You visited 4 branches of the dungeon, and saw 23 of its levels.
You visited the Abyss 1 time.
You also visited: Volcano.

You collected 2247 gold pieces.
You spent 1853 gold pieces at shops.

Inventory:

Hand Weapons
 r - a +9 broad axe of electrocution (weapon)
 y - a +0 broad axe
 I - a +1 spear of venom
Missiles
 b - 6 javelins (quivered)
 m - 26 tomahawks
Armour
 a - a +2 pair of gloves (worn)
 e - a +2 pair of boots (worn)
 t - the +4 plate armour of the Eternal Void (worn) {rF++}
   (You found it on level 11 of the Dungeon)

   It greatly protects you from fire.
 w - a +2 cloak (worn)
 S - a +1 shield of reflection (worn)
Jewellery
 o - a +3 ring of strength (left hand)
 v - an uncursed ring of resist corrosion
 C - an amulet of magic regeneration (around neck)
 F - an uncursed ring of flight
 L - an uncursed ring of see invisible
 T - a ring of poison resistance (right hand)
Wands
 G - a wand of enslavement (18/24)
 J - a wand of lightning (11/15)
 N - a wand of random effects (27/48)
Scrolls
 f - a scroll of recharging
 g - 3 scrolls of fog
 j - 5 scrolls of enchant weapon
 s - 3 scrolls of identify
 u - 9 scrolls of remove curse
 x - 8 scrolls of magic mapping
 z - a scroll of blinking
 B - 3 scrolls of amnesia
 E - a scroll of fear
 R - 6 scrolls of teleportation
 Z - a scroll of summoning
Potions
 d - 3 potions of might
 h - 2 potions of haste
 k - 8 potions of curing
 l - 2 potions of berserk rage
 A - 2 potions of cure mutation
 D - a potion of magic
 H - 4 potions of brilliance
 P - a potion of ambrosia
Books
 K - a book of Fire

   Spells                             Type                      Level
   a - Ignite Poison                  Fire/Transmutation/Poison    3
   b - Fireball                       Conjuration/Fire             5
   c - Bolt of Fire                   Conjuration/Fire             6
   d - Delayed Fireball               Conjuration/Fire             7
   e - Ring of Flames                 Charms/Fire                  7
 O - a book of Clouds

   Spells                             Type                      Level
   a - Mephitic Cloud                 Conjuration/Poison/Air       3
   b - Conjure Flame                  Conjuration/Fire             3
   c - Poisonous Cloud                Conjuration/Poison/Air       6
   d - Freezing Cloud                 Conjuration/Ice/Air          6
   e - Ring of Flames                 Charms/Fire                  7
Miscellaneous
 W - an ornate deck of wonders {Wild Magic}
Comestibles
 c - 10 bread rations
 i - 3 meat rations
 n - 5 beef jerkies
 p - 4 slices of pizza


   Skills:
 + Level 13.0(12.2) Fighting
 + Level 14.5(13.7) Axes
 * Level 15.4(14.6) Armour
 + Level 5.1(4.4) Dodging
 + Level 2.3(1.7) Stealth
 + Level 5.9(5.3) Shields
 + Level 7.4(6.8) Invocations


You had 14 spell levels left.
You didn't know any spells.

Dungeon Overview and Level Annotations

Branches:
Dungeon (12/15)            Temple (0/1) D:4            Lair (8/8) D:11
  Swamp (0/4) Lair:4        Snake (0/4) Lair:4        Slime (0/6) Lair:6
    Orc (2/2) D:12            Elf (1/3) Orc:2

Altars:
Kikubaaqudgha
Makhleb
Nemelex Xobeh
Vehumet
The Shining One
Beogh
Jiyva

Shops:
D:4 (   D:6 (   D:7 *   D:11 =   Orc:2 :![?   Elf:1 (


Innate Abilities, Weirdness & Mutations

You have a pair of horns on your head.
You are mostly covered in icy blue scales (AC +3, EV -1).
Your flesh is heat resistant.
You are completely covered in sharp spines.
You are immune to clouds of flame.
You have hoof-like feet.
You are agile. (Dex +2)
You can translocate small distances at will.
You are resistant to hostile enchantments.
You sometimes yell uncontrollably at your foes.
You regenerate slowly when monsters are visible.


Message History

The bolt of lightning hits the demonic crawler.
The demonic crawler resists.
The bolt of lightning hits the demonic crawler.
The demonic crawler resists.
The bolt of lightning misses you.
The demonic crawler hits you but does no damage. x3
You block the jumping spider's attack.
The jumping spider bites you but does no damage.
Drink which item? (? for menu, Esc to quit)
You feel very buoyant.
You fly up into the air.
You block the hell rat's attack.
The deep elf mage gestures wildly while chanting.
The demonic crawler is struck by your spines.
The demonic crawler hits you but does no damage.
You block the demonic crawler's attack. x2
The jumping spider barely misses you.
The jumping spider bites you but does no damage.
The hell rat is struck by your spines.
The hell rat bites you but does no damage.
The hell rat bites you!
You die...

......# .........###...
..^...# ............(...
#...### #................
#..∩# #.#................
#...##..#.##..............
#......# #.##.............
#.....## #.##............
.....## #.###er........
....## ##.#r@s.....(..
.....## ##.#.es.........
......## ##..4.)##........
.......###.#.#..##........
###..##.#....))(......####
#.#..##...#.#..####.......
.##)...###.###.# ...###.
#.#.#.###.## ##.# .....#
.##...##.## #..


You could see a demonic crawler, a hellwing, 2 deep elf magi, a jumping spider
and 2 hell rats.

Vanquished Creatures
  Kirke (Lair:7)
  Donald (Elf:1)
  A deep elf sorcerer (Elf:1)
  An ettin (Orc:1)
  The ghost of Watshisface the Unseen, a journeyman OpAs of Dithmenos (Lair:6)
  3 ogre magi (Orc:2)
  A catoblepas (Lair:4)
  The ghost of Watshisface the Grappler, a novice TrMo of Nemelex Xobeh (Lair:1)
  8 death yaks (Lair:8)
  Urug (Volcano)
  Nergalle (Orc:2)
  5 deep elf knights (Elf:1)
  2 fire crabs
  3 hill giants
  3 deep elf archers (Elf:1)
  A lindwurm (Lair:8)
  25 deep elf magi
  6 statues (Volcano)
  A griffon (Lair:3)
  8 orc sorcerers
  A wizard (Elf:1)
  An ugly thing (D:11)
  A cyclops (Orc:2)
  15 elephants
  7 black mambas
  Psyche (D:9)
  2 gargoyles
  12 spiny frogs
  5 rime drakes
  2 demonic crawlers (Elf:1)
  18 komodo dragons
  A queen bee (Lair:2)
  3 trolls
  5 polar bears
  Prince Ribbit (D:8)
  33 blink frogs
  A boulder beetle (Elf:1)
  2 wraiths
  4 wyverns
  53 yaks
  4 fire elementals (Elf:1)
  4 basilisks
  2 fire bats (Volcano)
  13 hippogriffs
  Grum (Lair:1)
  6 hogs (Lair:7)
  A human (D:7)
  4 hungry ghosts
  2 vampire mosquitoes (Elf:1)
  A mottled dragon (D:11)
  2 nagas (Lair:4)
  2 wargs (Orc:2)
  21 water moccasins
  6 porcupines
  2 hell hounds (Lair:1)
  12 orc warriors
  5 sky beasts
  10 black bears
  A necrophage (D:10)
  2 ice beasts
  A boggart (Elf:1)
  6 phantoms
  11 ogres
  19 wolves
  8 centaurs
  8 crocodiles
  15 giant frogs
  A wyvern zombie (D:12)
  3 scorpions
  62 killer bees
  4 wights
  2 electric eels (Lair:8)
  4 lava snakes (Volcano)
  5 crimson imps
  A giant frog zombie (D:10)
  3 hounds
  9 orc priests
  A giant frog skeleton (D:7)
  Crazy Yiuf (D:7)
  2 centaur skeletons (D:8)
  2 jellies
  29 orc wizards
  8 iguanas
  8 worker ants
  20 sheep
  8 ogre zombies (D:12)
  8 adders
  73 river rats
  2 howler monkey skeletons
  2 oozes
  2 worms
  2 dart slugs (D:3)
  2 giant geckos
  58 orcs
  3 ball pythons
  5 giant cockroaches
  4 hobgoblins
  12 jackals
  2 quokkas
  8 bats
  3 giant newts
  8 goblins
  4 goblin zombies (D:12)
  A hobgoblin skeleton (D:12)
  3 hobgoblin zombies (D:12)
  6 kobolds
  2 orc skeletons (D:12)
  15 orc zombies (D:12)
  7 rats
  9 fungi
  6 plants
831 creatures vanquished.

Vanquished Creatures (collateral kills)
  An orc (D:7)
1 creature vanquished.

Vanquished Creatures (others)
  7 hydras
  A deep elf mage (Elf:1)
  A blink frog (Lair:7)
  A crocodile (Lair:7)
  2 bushes (Lair:8)
  26 fungi
  7 plants
  4 starspawn tentacles (Abyss:2)
49 creatures vanquished.

Grand Total: 881 creatures vanquished

Notes
Turn   | Place    | Note
--------------------------------------------------------------
     0 | Abyss:1  | Gargoyl the Demonspawn Abyssal Knight began the quest for the Orb.
     0 | Abyss:1  | Reached XP level 1. HP: 18/18 MP: 2/2
    11 | Abyss:2  | Noticed a tentacled starspawn
    19 | Abyss:2  | Noticed a small abomination
    22 | D:1      | Escaped the Abyss
    97 | D:1      | Reached * piety under Lugonu
   199 | D:1      | Reached skill level 2 in Armour
   294 | D:1      | Gained mutation: You are partially covered in sharp spines. [demonic ancestry]
   294 | D:1      | Reached XP level 2. HP: 24/24 MP: 3/3
  1078 | D:2      | Reached skill level 1 in Dodging
  1078 | D:2      | Gained mutation: You are partially covered in icy blue scales (AC +1). [demonic ancestry]
  1078 | D:2      | Reached XP level 3. HP: 28/29 MP: 5/5
  1120 | D:2      | Reached ** piety under Lugonu
  1310 | D:2      | Found a sparkling altar of Nemelex Xobeh.
  1467 | D:3      | Found a burning altar of Makhleb.
  1521 | D:3      | Reached XP level 4. HP: 23/35 MP: 6/6
  1742 | D:3      | Reached skill level 3 in Armour
  2126 | D:3      | Reached XP level 5. HP: 42/42 MP: 7/7
  2287 | D:4      | Found a staircase to the Ecumenical Temple.
  2317 | D:4      | Found Yroirr's Antique Weapon Shop.
  2339 | D:4      | Bought a runed broad axe for 112 gold pieces
  2395 | D:4      | Reached *** piety under Lugonu
  2591 | D:4      | Found an ancient bone altar of Kikubaaqudgha.
  2591 | D:4      | Noticed a human
  2724 | D:5      | Entered Level 5 of the Dungeon
  2726 | D:5      | Noticed a phantom
  2735 | D:5      | Killed a phantom
  2735 | D:5      | Reached skill level 4 in Armour
  2735 | D:5      | Gained mutation: You have a pair of small horns on your head. [demonic ancestry]
  2735 | D:5      | Reached XP level 6. HP: 42/48 MP: 8/8
  2808 | D:5      | Got an encrusted hand axe
  2809 | D:5      | Identified the +7 hand axe "Huerig" {drain, Int+3} (You found it on level 5 of the Dungeon)
  2908 | D:5      | Found a glowing golden altar of the Shining One.
  3257 | D:6      | Noticed an ice beast
  3263 | D:6      | Killed an ice beast
  3265 | D:6      | Reached XP level 7. HP: 43/55 MP: 9/9
  3411 | D:6      | Reached skill level 5 in Armour
  3480 | D:6      | Gained mutation: You are weak. (Str -2) [mutagenic meat]
  3481 | D:6      | Lost mutation: You are weak. (Str -2) [mutagenic meat]
  3482 | D:6      | Gained mutation: Your natural rate of healing is unusually fast. [mutagenic meat]
  3483 | D:6      | Gained mutation: You are agile. (Dex +2) [mutagenic meat]
  3484 | D:6      | Gained mutation: You are weak. (Str -2) [mutagenic meat]
  3485 | D:6      | Gained mutation: Your mind is acute. (Int +2) [mutagenic meat]
  3486 | D:6      | Gained mutation: You have sharp fingernails. [mutagenic meat]
  3489 | D:6      | Gained mutation: Armour fits poorly on your strangely shaped body. [mutagenic meat]
  3490 | D:6      | Lost mutation: You are agile. (Dex +2) [potion of cure mutation]
  3490 | D:6      | Lost mutation: Your mind is acute. (Int +2) [potion of cure mutation]
  3490 | D:6      | Lost mutation: You are weak. (Str -2) [potion of cure mutation]
  3490 | D:6      | Lost mutation: Your natural rate of healing is unusually fast. [potion of cure mutation]
  3490 | D:6      | Lost mutation: Armour fits poorly on your strangely shaped body. [potion of cure mutation]
  3490 | D:6      | Lost mutation: You have sharp fingernails. [potion of cure mutation]
  3615 | D:6      | Found Etrieh's Weapon Boutique.
  3620 | D:6      | Bought a +0 spear of venom for 67 gold pieces
  3637 | D:6      | Reached skill level 1 in Stealth
  3775 | D:6      | Reached skill level 6 in Armour
  3775 | D:6      | Reached XP level 8. HP: 58/61 MP: 10/10
  4022 | D:7      | Reached **** piety under Lugonu
  4096 | D:7      | Reached skill level 5 in Fighting
  4100 | D:7      | Gained mutation: You are resistant to hostile enchantments. [mutagenic meat]
  4101 | D:7      | Gained mutation: You regenerate slowly when monsters are visible. [mutagenic meat]
  4102 | D:7      | Gained mutation: You have large cloven feet. [mutagenic meat]
  4103 | D:7      | Gained mutation: You occasionally shout uncontrollably at your foes. [mutagenic meat]
  4104 | D:7      | Gained mutation: You can translocate small distances at will. [mutagenic meat]
  4105 | D:7      | Gained mutation: You are agile. (Dex +2) [mutagenic meat]
  4122 | D:7      | Found Zaji's Assorted Antiques.
  4130 | D:7      | Bought a scroll of enchant armour for 187 gold pieces
  4187 | D:7      | Reached skill level 5 in Axes
  4187 | D:7      | Reached skill level 7 in Armour
  4399 | D:7      | Found a sparkling altar of Nemelex Xobeh.
  4733 | D:7      | Gained mutation: You have a pair of horns on your head. [demonic ancestry]
  4733 | D:7      | Reached XP level 9. HP: 68/68 MP: 11/11
  4746 | D:7      | Reached skill level 8 in Armour
  5064 | D:7      | Noticed Crazy Yiuf
  5068 | D:7      | Killed Crazy Yiuf
  5274 | D:8      | Noticed Prince Ribbit
  5299 | D:8      | Reached ***** piety under Lugonu
  5306 | D:8      | Reached skill level 9 in Armour
  5365 | D:8      | Killed Prince Ribbit
  5789 | D:8      | Gained mutation: Your flesh is heat resistant. [demonic ancestry]
  5789 | D:8      | Reached XP level 10. HP: 76/76 MP: 12/12
  6303 | D:9      | Noticed Psyche
  6312 | D:9      | Killed Psyche
  6776 | D:10     | Entered Level 10 of the Dungeon
  6786 | D:10     | Reached skill level 10 in Armour
  6888 | D:10     | Gained mutation: You sometimes yell uncontrollably at your foes. [mutagenic meat]
  6911 | D:10     | Noticed a hill giant
  6922 | D:10     | Killed a hill giant
  7347 | D:10     | Noticed a gargoyle
  7356 | D:10     | Killed a gargoyle
  7360 | D:10     | Noticed a hill giant
  7374 | D:10     | Killed a hill giant
  7374 | D:10     | Gained mutation: You are mostly covered in sharp spines. [demonic ancestry]
  7374 | D:10     | Reached XP level 11. HP: 30/84 MP: 13/13
  8193 | D:11     | Reached skill level 11 in Armour
  8374 | D:11     | Found Vudoh's Jewellery Emporium.
  8462 | D:11     | Gained mutation: You have hoof-like feet. [potion of mutation]
  8479 | D:11     | Got a translucent plate armour
  8480 | D:11     | Identified the +4 plate armour of the Eternal Void {rF++} (You found it on level 11 of the Dungeon)
  8653 | D:11     | Found a staircase to the Lair.
  8730 | D:11     | Noticed a hill giant
  8733 | D:11     | Killed a hill giant
  8851 | Lair:1   | Entered Level 1 of the Lair of Beasts
  8898 | Lair:1   | Found a dark tunnel.
  8912 | Volcano  | Entered a volcano
  9052 | Volcano  | Noticed a lasher statue
  9052 | Volcano  | Noticed a lasher statue
  9060 | Volcano  | Killed a lasher statue
  9061 | Volcano  | Killed a lasher statue
  9062 | Volcano  | Noticed a lasher statue
  9072 | Volcano  | Killed a lasher statue
  9073 | Volcano  | Noticed a lasher statue
  9080 | Volcano  | Killed a lasher statue
  9083 | Volcano  | Noticed a lasher statue
  9091 | Volcano  | Killed a lasher statue
  9157 | Volcano  | Noticed a lasher statue
  9166 | Volcano  | Killed a lasher statue
  9247 | Volcano  | Found an oddly glowing altar of Pakellas.
  9247 | Volcano  | Noticed Urug
  9260 | Volcano  | Killed Urug
  9260 | Volcano  | Reached skill level 10 in Axes
  9524 | Lair:1   | Noticed Watshisface's ghost (novice TrMo)
  9530 | Lair:1   | Gained mutation: You are mostly covered in icy blue scales (AC +3, EV -1). [demonic ancestry]
  9530 | Lair:1   | Reached XP level 12. HP: 48/95 MP: 14/14
  9539 | Lair:1   | Killed Watshisface's ghost
  9539 | Lair:1   | Reached skill level 12 in Armour
  9933 | Lair:1   | Reached ****** piety under Lugonu
 10013 | Lair:1   | Noticed a four-headed hydra
 10020 | Lair:1   | Banished a four-headed hydra
 10119 | Lair:1   | Noticed Grum
 10127 | Lair:1   | Killed Grum
 10754 | D:12     | Found a staircase to the Orcish Mines.
 11821 | Orc:1    | Entered Level 1 of the Orcish Mines
 11948 | Orc:2    | Entered Level 2 of the Orcish Mines
 11948 | Orc:2    | Found a staircase to the Elven Halls.
 11948 | Orc:2    | Noticed an ettin
 11958 | Orc:1    | Killed an ettin
 11958 | Orc:1    | Reached skill level 10 in Fighting
 12491 | D:7      | Bought the +3 warlock's mirror {reflect} for 712 gold pieces
 12648 | Lair:2   | Noticed a five-headed hydra
 12655 | Lair:2   | Banished a five-headed hydra
 13548 | Lair:2   | Noticed a four-headed hydra
 13555 | Lair:2   | Banished a four-headed hydra
 13724 | Lair:3   | Gained mutation: You are immune to clouds of flame. [demonic ancestry]
 13724 | Lair:3   | Reached XP level 13. HP: 80/103 MP: 16/16
 13952 | Lair:3   | Reached skill level 13 in Armour
 13954 | Lair:3   | Reached skill level 1 in Shields
 14865 | Lair:4   | Found a staircase to the Swamp.
 14954 | Lair:4   | Found a staircase to the Snake Pit.
 16022 | Lair:5   | Reached skill level 5 in Invocations
 17240 | Lair:6   | Noticed Watshisface's ghost (journeyman OpAs)
 17253 | Lair:6   | Killed Watshisface's ghost
 17253 | Lair:6   | Gained mutation: You are completely covered in sharp spines. [demonic ancestry]
 17253 | Lair:6   | Reached XP level 14. HP: 107/113 MP: 18/18
 17570 | Lair:6   | Reached skill level 14 in Armour
 17705 | Lair:6   | Found a viscous altar of Jiyva.
 17705 | Lair:6   | Found a staircase to the Slime Pits.
 17953 | Lair:7   | Reached skill level 5 in Dodging
 18073 | Lair:7   | Noticed Kirke
 18086 | Lair:7   | Killed Kirke
 18503 | Lair:8   | Entered Level 8 of the Lair of Beasts
 20281 | Lair:8   | Reached XP level 15. HP: 121/121 MP: 20/20
 21423 | Orc:2    | Found Iketh's Book Shoppe.
 21484 | Orc:2    | Found a radiant altar of Vehumet.
 21489 | Orc:2    | Reached skill level 15 in Armour
 21494 | Orc:2    | Reached skill level 5 in Shields
 21498 | Orc:2    | Found Azumeava's Distillery.
 21522 | Orc:2    | Noticed Nergalle
 21523 | Orc:2    | Found an ancient bone altar of Kikubaaqudgha.
 21532 | Orc:2    | Killed Nergalle
 21541 | Orc:2    | Bought a potion of curing for 45 gold pieces
 21541 | Orc:2    | Bought a potion of heal wounds for 75 gold pieces
 21541 | Orc:2    | Bought a potion of curing for 45 gold pieces
 21541 | Orc:2    | Bought a potion of might for 60 gold pieces
 21541 | Orc:2    | Bought a potion of might for 60 gold pieces
 21541 | Orc:2    | Bought a potion of curing for 45 gold pieces
 21541 | Orc:2    | Bought a potion of ambrosia for 120 gold pieces
 21563 | Orc:2    | Found a roughly hewn altar of Beogh.
 21563 | Orc:2    | Found Toraesm's Magic Scroll Emporium.
 21575 | Orc:2    | Found Ysaigyg's Antique Armour Shoppe.
 21687 | Orc:2    | Bought a shiny large shield for 144 gold pieces
 21727 | Orc:2    | Bought a scroll of enchant armour for 82 gold pieces
 21727 | Orc:2    | Bought a scroll of teleportation for 33 gold pieces
 21727 | Orc:2    | Bought a scroll of teleportation for 33 gold pieces
 21727 | Orc:2    | Bought a scroll of teleportation for 33 gold pieces
 21952 | Elf:1    | Entered Level 1 of the Elven Halls
 21956 | Elf:1    | Noticed Donald
 22182 | Elf:1    | Killed Donald
 22484 | Elf:1    | Found Cekias's Antique Weapon Shop.
 23058 | Elf:1    | Noticed a deep elf sorcerer
 23097 | Elf:1    | HP: 6/122 [deep elf archer/arrow (11)]
 23195 | Elf:1    | Killed a deep elf sorcerer
 23823 | Elf:1    | Slain by a hell rat

Skill      XL: |  1  2  3  4  5  6  7  8  9 10 11 12 13 14 15 |
---------------+----------------------------------------------+-----
Armour         | 2 3 4 6 7 9 10 11 12 13 14 15 | 15.4
Axes           | 2 3 4 5 6 8 10 11 12 13 14 | 14.5
Dodging        | 1 2 3 4 5 |  5.1
Invocations    | 3 4 5 6 7 |  7.4
Fighting       | 4 5 6 7 9 10 11 12 13 | 13.0
Stealth        | 1 2 |  2.3
Shields        | 3 4 5 |  5.9

Action                   |  1- 3 |  4- 6 |  7- 9 | 10-12 | 13-15 || total
-------------------------+-------+-------+-------+-------+-------++-------
Melee: Hand axe          |    61 |    42 |       |       |       ||   103
       Broad axe         |       |    19 |   129 |   424 |   728 ||  1300
       Headbutt          |       |       |    16 |    80 |   133 ||   229
Invok: Depart the Abyss  |     1 |       |       |       |       ||     1
       Banish            |       |       |       |     5 |    10 ||    15
  Use: Scroll            |     5 |     6 |     6 |    14 |    10 ||    41
       Potion            |       |       |     2 |    16 |     5 ||    23
 Stab: Paralysed         |       |       |       |       |     1 ||     1
  Eat: Chunk             |     2 |     4 |    21 |    14 |     4 ||    45
       Fruit             |       |       |     4 |    15 |       ||    19
       Meat ration       |       |       |     1 |       |       ||     1
       Pizza             |       |       |       |     2 |     4 ||     6
       Bread ration      |       |       |       |     1 |       ||     1
       Royal jelly       |       |       |       |       |    12 ||    12
Armor: Scale mail        |     9 |       |       |       |       ||     9
       Chain mail        |    24 |    35 |     1 |       |       ||    60
       Plate armour      |       |       |   149 |   425 |   574 ||  1148
Dodge: Dodged            |    25 |    17 |    69 |   185 |   302 ||   598
Block: Buckler           |       |       |       |    31 |   270 ||   301
       Reflection        |       |       |       |       |    19 ||    19
       Shield            |       |       |       |       |    83 ||    83
